 Dungeon Crawl Stone Soup version 0.28-a0-1199-gef9e1dbd39 (webtiles) character file.

Game seed: 17182071505800592803

1089967 r3xj the Conqueror (level 27, -13/273 HPs)
             Began as a Minotaur Berserker on Dec 19, 2021.
             Was the Champion of the Shining One.
             Mangled by an ushabti (14 damage)
             ... on level 9 of a ziggurat on Dec 20, 2021.
             The game lasted 09:20:32 (117510 turns).

r3xj the Conqueror (Minotaur Berserker)           Turns: 117510, Time: 09:20:34

Health: -13/273    AC: 53    Str: 40      XL:     27
Magic:  47/47      EV: 14    Int: 12      God:    the Shining One [******]
Gold:   6905       SH: 29    Dex:  6 (13) Spells: 47/60 levels left

rFire   + + +      SeeInvis .   z - +8 mithril axe "Arga" {speed, Will+}
rCold   + + .      Faith    +   F - +8 tower shield {reflect}
rNeg    + + +      Spirit   .   I - +12 gold dragon scales
rPois   +          Reflect  +   C - +2 hat of the Bells {Will+}
rElec   +          Harm     .   H - +2 cloak {Will+}
rCorr   +          Rampage  .   h - +0 pair of gloves "Naocauhayz" {rElec rF+ rC+ rN+}
Will    +++++      Rnd*Tele +   a - +2 pair of boots {Fly}
Stlth   ..........              E - amulet "Railafig" {Faith MP+9 Str+3 Slay+5}
HPRegen 1.35/turn               Z - ring of Qim Kyn {rF+ rN+ Str+6 Int+2 Slay+2}
MPRegen 0.30/turn               e - ring "Faugu" {rCorr Int+6}

@: lethally poisoned (-13 -> -23), flying, slowed, glowing, studying 4 skills,
very slow
A: horns 2, retaliatory headbutt, iridescent scales 1, clumsy 1, low mp 1,
strong-willed 1, sense surroundings 1, regeneration 1, teleportitis 1, no potion
heal 1, subdued magic 1
}: 9/15 runes: serpentine, barnacled, slimy, silver, iron, obsidian, icy, bone,
abyssal
a: Renounce Religion, Divine Shield, Cleansing Flame, Summon Divine Warrior


You were on level 9 of a ziggurat.
You worshipped the Shining One.
The Shining One was exalted by your worship.
You visited 18 branches of the dungeon, and saw 87 of its levels.
You visited the Abyss 3 times.
You visited 2 bazaars.
You visited 1 ziggurat, and saw 9 of its levels.
You also visited: Trove, Sewer, Gauntlet, Ice Cave and Wizlab.

You collected 16193 gold pieces.
You spent 9288 gold pieces at shops.

Inventory:

Hand Weapons
 z - the +8 mithril axe "Arga" (weapon) {speed, Will+}
   (Trog gifted it to you on level 2 of the Crypt)

   Attacks with this weapon are significantly faster.
   Will:      It increases your willpower.
 J - a +9 broad axe of holy wrath
 Q - a +7 war axe of flaming
Missiles
 l - 8 throwing nets (quivered)
Armour
 a - a +2 pair of boots of flying (worn)
 h - the +0 pair of gloves "Naocauhayz" (worn) {rElec rF+ rC+ rN+}
   (You bought it in a shop in a bazaar)

   rF:        It protects you from fire.
   rC:        It protects you from cold.
   rElec:     It insulates you from electricity.
   rN:        It protects you from negative energy.
 C - the +2 hat of the Bells (worn) {Will+}
   (You found it on level 3 of the Abyss)

   Will:      It increases your willpower.
 F - a +8 tower shield of reflection (worn)
 G - the +0 tower shield "Osogiol" {Int+7}
   (You took it off a daeva on level 7 of a ziggurat)

   Int:       It affects your intelligence (+7).
 H - a +2 cloak of willpower (worn)
 I - +12 gold dragon scales (worn)
Jewellery
 e - the ring "Faugu" (right hand) {rCorr Int+6}
   (You took it off a deep elf pyromancer on level 3 of the Elven Halls)

   [ring of intelligence]

   Int:       It affects your intelligence (+6).
   rCorr:     It protects you from acid and corrosion.
 i - a ring of protection from cold
 p - a +6 ring of intelligence
 r - a +4 ring of evasion
 s - the ring of Qazlal's Respect {+Blink Fly rPois rF- Int+2}
   (You found it in a treasure trove)

   [ring of flight]

   Int:       It affects your intelligence (+2).
   rF:        It makes you vulnerable to fire.
   rPois:     It protects you from poison.
   Fly:       It grants you flight.
   +Blink:    It lets you blink.
 x - the ring "Weweah" {Contam rF+ Will+ Dex+3 SInv}
   (You found it on level 7 of Cocytus)

   [ring of willpower]

   Dex:       It affects your dexterity (+3).
   rF:        It protects you from fire.
   SInv:      It lets you see invisible.
   Contam:    It causes magical contamination when unequipped.
   Will:      It increases your willpower.
 E - the amulet "Railafig" (around neck) {Faith MP+9 Str+3 Slay+5}
   (You found it on level 2 of the Realm of Zot)

   [amulet of faith]

   It allows you to gain divine favour quickly.
   Str:       It affects your strength (+3).
   Slay:      It affects your accuracy & damage with ranged weapons and melee
   (+5).
   MP:        It affects your magic capacity (+9).
 M - a +4 ring of protection
 N - a ring of willpower
 U - the ring of Vajolo {rC+ Str+7}
   (You took it off a deep elf high priest on level 5 of the Vaults)

   [ring of protection from cold]

   Str:       It affects your strength (+7).
   rC:        It protects you from cold.
 V - the macabre finger necklace {rN+}
   (You took it off a skeletal warrior on level 3 of the Crypt)

   [amulet of nothing]

   It enables you to equip an extra ring.
   rN:        It protects you from negative energy.
 X - a ring of resist corrosion
 Z - the ring of Qim Kyn (left hand) {rF+ rN+ Str+6 Int+2 Slay+2}
   (You bought it in a shop on level 1 of the Depths)

   [ring of strength]

   Str:       It affects your strength (+6).
   Int:       It affects your intelligence (+2).
   Slay:      It affects your accuracy & damage with ranged weapons and melee
   (+2).
   rF:        It protects you from fire.
   rN:        It protects you from negative energy.
Wands
 v - a wand of digging (41)
 y - a wand of flame (7)
Scrolls
 b - 35 scrolls of teleportation
 c - 21 scrolls of fear
 d - 9 scrolls of blinking
 g - 5 scrolls of identify
 j - 5 scrolls of enchant armour
 m - 5 scrolls of silence
 n - 9 scrolls of enchant weapon
 w - 19 scrolls of magic mapping
 B - 2 scrolls of summoning
 D - 6 scrolls of brand weapon
 L - 4 scrolls of amnesia
 O - 2 scrolls of fog
 W - 5 scrolls of holy word
Potions
 f - 28 potions of curing
 k - 5 potions of haste
 o - a potion of ambrosia
 q - 3 potions of resistance
 t - a potion of cancellation
 u - 10 potions of heal wounds
 A - 6 potions of berserk rage
 K - 6 potions of might


   Skills:
 O Level 27 Fighting
 - Level 17.0(19.0) Axes
 - Level 14.0(17.4) Maces & Flails
 O Level 27 Armour
 O Level 27 Dodging
 - Level 5.0 Stealth
 - Level 25.0 Shields
 + Level 17.3 Spellcasting
 + Level 18.7 Translocations
 + Level 21.6 Transmutations
 + Level 25.0 Invocations


You had 47 spell levels left.
You knew the following spells:

 Your Spells              Type           Power      Damage    Failure   Level
a - Wereblood             Tmut           47%        N/A       0%          2
b - Passage of Golubria   Tloc           42%        N/A       1%          4
c - Blink                 Tloc           84%        N/A       0%          2
d - Manifold Assault      Tloc           42%        N/A       1%          5

Your spell library contained the following spells:

 Spells                   Type           Power      Damage    Failure   Level
 Apportation              Tloc           84%        N/A       0%          1
 Beastly Appendage        Tmut           94%        N/A       0%          1
 Gell's Gravitas          Tloc           42%        N/A       0%          3
 Lesser Beckoning         Tloc           42%        N/A       0%          3
 Teleport Other           Tloc           42%        N/A       0%          3
 Sting                    Tmut/Pois      100%       1d8       1%          1
 Passwall                 Tmut/Erth      22%        N/A       1%          2
 Portal Projectile        Hex/Tloc       50%        N/A       1%          3
 Spider Form              Tmut/Pois      27%        N/A       1%          3
 Ice Form                 Ice/Tmut       27%        N/A       1%          4
 Petrify                  Tmut/Erth      27%        N/A       1%          4
 Blade Hands              Tmut           23%        N/A       1%          5
 Dispersal                Tloc           21%        N/A       1%          6
 Dragon Form              Tmut           23%        N/A       1%          7
 Ignite Poison            Fire/Tmut/Pois 21%        N/A       2%          3
 Alistair's Intoxication  Tmut/Pois      18%        N/A       5%          5
 Yara's Violent Unravell  Hex/Tmut       13%        3d7       5%          5
 Summon Forest            Summ/Tloc      12%        N/A       10%         5
 Animate Skeleton         Necr           14%        N/A       17%         1
 Foxfire                  Conj/Fire      28%        2x1d5     17%         1
 Freeze                   Ice            28%        1d5       17%         1
 Magic Dart               Conj           28%        1d4       17%         1
 Pain                     Necr           28%        1d5       17%         1
 Sandblast                Erth           14%        2d6       17%         1
 Shock                    Conj/Air       28%        1d4       17%         1
 Slow                     Hex            28%        N/A       17%         1
 Summon Small Mammal      Summ           28%        N/A       17%         1
 Call Imp                 Summ           7%         N/A       26%         2
 Corpse Rot               Necr/Air       14%        N/A       26%         2
 Ensorcelled Hibernation  Hex/Ice        14%        N/A       26%         2
 Poisonous Vapours        Pois/Air       14%        N/A       26%         2
 Searing Ray              Conj           14%        2d5       26%         2
 Static Discharge         Conj/Air       7%         N/A       26%         2
 Sublimation of Blood     Necr           7%         N/A       26%         2
 Eringya's Noxious Bog    Tmut/Pois      13%        N/A       32%         6
 Statue Form              Tmut/Erth      18%        N/A       32%         6
 Call Canine Familiar     Summ           7%         N/A       47%         3
 Confusing Touch          Hex            7%         N/A       47%         3
 Conjure Flame            Conj/Fire      7%         6-21      47%         3
 Frozen Ramparts          Ice            14%        1d3       47%         3
 Inner Flame              Hex/Fire       7%         N/A       47%         3
 Mephitic Cloud           Conj/Pois/Air  7%         N/A       47%         3
 Stone Arrow              Conj/Erth      14%        3d7       47%         3
 Summon Guardian Golem    Hex/Summ       7%         N/A       47%         3
 Swiftness                Air            7%         N/A       47%         3
 Tukima's Dance           Hex            7%         N/A       47%         3
 Disjunction              Tloc           21%        N/A       47%         8
 Animate Armour           Summ/Erth      14%        N/A       88%         4
 Cause Fear               Hex            3%         N/A       88%         4
 Dispel Undead            Necr           7%         3d8       88%         4
 Fulminant Prism          Conj/Hex       3%         3d6       88%         4
 Hailstorm                Conj/Ice       7%         3d4       88%         4
 Olgreb's Toxic Radiance  Pois           7%         N/A       88%         4
 Sticky Flame             Conj/Fire      7%         2d3       88%         4
 Summon Ice Beast         Ice/Summ       7%         N/A       88%         4
 Summon Lightning Spire   Summ/Air       7%         N/A       88%         4
 Storm Form               Tmut/Air       13%        N/A       88%         7
 Malign Gateway           Summ/Tloc      12%        N/A       98%         7
 Agony                    Necr           7%         N/A       99%         5
 Excruciating Wounds      Necr           3%         N/A       99%         5
 Fireball                 Conj/Fire      3%         3d4       99%         5
 Freezing Cloud           Conj/Ice/Air   3%         6-21      99%         5
 Iskenderun's Battlesphe  Conj           7%         2d6       99%         5
 Lightning Bolt           Conj/Air       3%         1d15      99%         5
 Metabolic Englaciation   Hex/Ice        3%         N/A       99%         5
 Summon Mana Viper        Hex/Summ       7%         N/A       99%         5
 Conjure Ball Lightning   Conj/Air       3%         3x3d6     100%        6
 Death Channel            Necr           3%         N/A       100%        6
 Iron Shot                Conj/Erth      3%         9d2       100%        6
 Starburst                Conj/Fire      3%         6d3       100%        6
 Monstrous Menagerie      Summ           3%         N/A       100%        7
 Orb of Destruction       Conj           3%         9d1       100%        7
 Summon Hydra             Summ           3%         N/A       100%        7
 Discord                  Hex            3%         N/A       100%        8
 Lehudib's Crystal Spear  Conj/Erth      3%         10d3      100%        8
 Maxwell's Capacitive Co  Air            3%         ∞         100%        8
 Chain Lightning          Conj/Air       3%         3d4       100%        9
 Dragon's Call            Summ           3%         N/A       100%        9
 Fire Storm               Conj/Fire      3%         8d1       100%        9
 Polar Vortex             Ice            3%         N/A       100%        9
 Shatter                  Erth           3%         3d7*      100%        9


Dungeon Overview and Level Annotations

Branches:
Dungeon (15/15)            Temple (1/1) D:4            Lair (6/6) D:11
 Shoals (4/4) Lair:2        Snake (4/4) Lair:2        Slime (5/5) Lair:5
    Orc (2/2) D:10            Elf (3/3) Orc:2        Vaults (5/5) D:14
  Crypt (3/3) Vaults:3       Tomb (1/3) Crypt:3      Depths (4/4) D:15
   Hell (visited)             Dis (7/7) Hell            Geh (7/7) Hell
    Coc (7/7) Hell            Tar (7/7) Hell            Zot (5/5) Depths:4
  Sewer (visited)           IceCv (visited)          WizLab (visited)
Gauntlet (visited)

Altars:
Ashenzari
Cheibriados
Dithmenos
Elyvilon
Fedhas
Gozag
Hepliaklqana
Kikubaaqudgha
Makhleb
Nemelex Xobeh
Okawaru
Qazlal
Ru
Sif Muna
Trog
Uskayaw
Vehumet
Wu Jian
Xom
Yredelemnul
Zin
The Shining One
Jiyva

Shops:
D:4 !   D:6 (   D:7 ?   D:9 *   D:11 (   D:14 :   Orc:2 !(!=   Elf:2 (
Shoals:1 (   Snake:2 (=*(   Snake:3 [*   Snake:4 :?(   Depths:1 =:=
Depths:3 ?

Portals:
Hell: Depths:1 Depths:2 Depths:3 Depths:4
Abyss: Depths:3
Pandemonium: Orc:2 Depths:2 Depths:4


Innate Abilities, Weirdness & Mutations

You have a pair of horns on your head.
You reflexively headbutt those who attack you in melee.
You are partially covered in iridescent scales. (AC +2)
You are clumsy. (Dex -2)
Your magical capacity is low. (-10% MP)
You are strong-willed. (Will+)
You passively map a small area around you.
Your natural rate of healing is unusually fast.
You are occasionally teleported next to monsters.
Potions are less effective at restoring your health.
Your spells are a little easier to cast, but a little less powerful.


Message History

You block the fire giant skeleton's attack.
The ushabti shakes and rattles.
The vile air hits you but does no damage.
Your daeva calls down the wrath of the Shining One upon the mummy.
The mummy is smitten.
You slash the fire giant skeleton! You headbutt the fire giant skeleton.
The fire giant skeleton is almost destroyed.
You carve the mummy like a ham!!!
You destroy the mummy!
The Shining One accepts your kill.
You feel better.
You slash the mummy!
You are engulfed in dark miasma.
* * * LOW HITPOINT WARNING * * *
You feel sick. The mummy closely misses your daeva.
You block the fire giant skeleton's attack.
You hit the fire giant skeleton.
The fire giant skeleton is almost destroyed.
You hit the mummy. You slice the mummy!!
You destroy the mummy!
The Shining One accepts your kill.
You feel better.
The Shining One blesses your daeva with healing.
You are engulfed in dark miasma.
You are more poisoned.
* * * LOW HITPOINT WARNING * * *
x2 You feel very sick.
Your daeva hits the mummy with a +5 eudemon blade of holy wrath!!
The mummy is destroyed!
The Shining One accepts your kill.
You slash the fire giant skeleton!
The fire giant skeleton is almost destroyed.
You slash the ushabti! You slash the mummy!
You are engulfed in dark miasma.
* * * LOW HITPOINT WARNING * * *
x2 You feel very sick.
Your daeva calls down the wrath of the Shining One upon the fire giant skeleton.
The fire giant skeleton is smitten.
The fire giant skeleton is destroyed!
The Shining One accepts your kill.
The Shining One blesses your daeva with more time in this world.
The ushabti hits you!
You die...

▓▓▓▓▓▓▓▓▓▓▓
▓▓.........▓▓
▓▓....9M.....▓
▓▓.....@......[
▓▓.....☼A......?,
*
▓▓......○......)[
*
▓.∩....°.......}?
▓▓.....○........(
▓▓...○.........$
▓▓............)
▓▓...........▓
▓......


You could see an ushabti, a mummy and a friendly daeva (summoned).

Vanquished Creatures
  Asmodeus (Geh:7)
  the Royal Jelly (Slime:5)
  the Serpent of Hell (Coc:7)
  Dispater (Dis:7)
  7 dread liches
  7 orbs of fire
  7 ancient liches
  Mara (Crypt:1)
  The ghost of Meadakhi the Spry, a master DgEE (Zot:1)
  6 juggernauts
  Sojobo (Depths:2)
  11 Killer Klowns
  10 shard shrikes
  7 royal mummies
  Bai Suzhen (Crypt:2)
  Saint Roka (Snake:4)
  Margery (Crypt:1)
  Xtahua (Crypt:1)
  23 caustic shrikes
  4 curse toes
  12 golden dragons
  Geryon (Hell)
  A pearl dragon (Zig:7)
  Nikola (Shoals:3)
  45 bone dragons
  Jory (Depths:3)
  5 profane servitors
  19 Tzitzimimeh
  14 Brimstone Fiends
  14 iron giants
  22 doom hounds
  16 hellephants
  17 Hell Sentinels
  Jorgrun (Snake:2)
  18 tentacled monstrosities
  3 electric golems
  13 Ice Fiends
  13 liches
  19 tainted leviathans
  Rupert (D:14)
  16 searing wretches
  A walking crystal tome (Depths:4)
  A walking earthen tome (Depths:4)
  24 Orb Guardians (Zot:5)
  2 deep elf master archers (Elf:3)
  Murray (Hell)
  12 quicksilver dragons
  The ghost of bearlyready the Malleable, an adept MfTm of Gozag (Vaults:1)
  18 acid blobs
  25 titans
  3 deep elf blademasters
  28 tentacled starspawn
  Frances (Shoals:1)
  8 death cobs
  40 ancient champions
  The ghost of bearlyready the Convoker, an adept DrVM of Sif Muna (Vaults:1)
  Polyphemus (Shoals:4)
  11 sphinxes
  12 shadow dragons
  8 tengu reavers
  Donald (Crypt:1)
  Agnes (D:14)
  14 storm dragons
  9 draconian monks
  Kirke (D:15)
  4 revenants
  24 narguns
  11 nagarajas
  7 daevas
  15 quicksilver elementals
  4 draconian knights
  10 rockslimes
  An azure jelly (shapeshifter) (Vaults:5)
  28 azure jellies
  26 vault wardens
  3 spectral caustic shrikes
  11 deep elf sorcerers
  Louise (D:14)
  A frost giant (shapeshifter) (Zig:5)
  2 caustic shrike zombies (Crypt:3)
  A cacodemon (Abyss:4)
  32 fire giants
  36 balrugs
  5 ghost moths
  13 iron dragons
  29 frost giants
  6 draconian shifters
  10 draconian scorchers
  8 shard shrike simulacra
  3 juggernaut zombies
  5 draconian stormcallers
  5 deep elf elementalists
  An ophan (Zig:7)
  4 curse skulls (Crypt:1)
  33 very ugly things
  4 caustic shrike skeletons
  7 ghouls
  22 war gargoyles
  2 angels
  6 ironbound thunderhulks
  A stone giant (shapeshifter) (Vaults:5)
  8 quicksilver oozes
  29 stone giants
  13 ironbound preservers
  3 spriggan defenders (Vaults:4)
  12 vampire knights
  3 demonspawn corrupters (WizLab)
  18 reapers
  4 draconian annihilators
  12 green draconians
  10 deep elf annihilators
  31 elemental wellsprings
  30 putrid mouths
  13 black draconians
  Nessos (D:14)
  2 juggernaut skeletons (Crypt:3)
  2 grey draconians (Depths:4)
  3 demonspawn black suns (Zot:1)
  9 yellow draconians
  11 white draconians
  5 lorocyprocas
  A dire elephant (Zig:6)
  A minotaur (Gauntlet)
  18 wendigos
  14 red draconians
  3 entropy weavers
  2 spectral titans
  10 deep elf demonologists
  20 purple draconians
  9 deep elf death magi
  A crystal guardian (Vaults:2)
  30 iron golems
  12 fire dragons
  6 mummy priests
  7 ettins
  8 merfolk javelineers
  3 blizzard demons
  A spectral quicksilver dragon (Tar:2)
  4 green deaths
  A quicksilver dragon zombie (Crypt:2)
  19 eidola
  6 boulder beetles
  6 merfolk impalers
  10 jiangshi
  4 spectral spriggans
  16 naga warriors
  5 deep elf high priests
  13 yaktaur captains
  9 great orbs of eyes
  2 peacekeepers
  15 salamander tyrants
  2 spriggan zombies
  5 spriggan skeletons
  6 ice dragons
  5 merfolk avatars
  2 hell beasts
  An ogre mage (Vaults:5)
  6 juggernaut simulacra
  6 rakshasas
  11 two-headed ogres
  Erolcha (D:13)
  4 catoblepae
  38 vault guards
  5 ironbound frosthearts
  6 caustic shrike simulacra
  10 hydras
  17 anacondas
  8 merfolk aquamancers
  2 demonspawn (Orc:2)
  A spriggan air mage (Depths:2)
  3 spectral stone giants (Tar:1)
  4 alligator snapping turtles
  6 stokers
  5 satyrs (Shoals:4)
  11 centaur warriors
  4 spriggan berserkers
  19 death scarabs (Tomb:1)
  9 deep troll shamans
  50 hell hogs
  8 deep troll earth magi
  9 vampire magi
  5 orc high priests (Orc:2)
  6 tengu warriors
  Urug (D:12)
  47 dancing weapons
  2 spectral nagas (Tar:1)
  14 naga sharpshooters
  2 spectral dire elephants
  A spectral storm dragon (Tar:1)
  10 death yaks
  7 soul eaters
  7 shock serpents
  27 thrashing horrors
  9 crystal echidnas
  25 deep elf knights
  10 sun demons
  21 iron trolls
  Sonja (D:13)
  23 shadow wraiths
  21 wretched stars
  3 spatial maelstroms
  2 spriggan druids (WizLab)
  A fire crab (shapeshifter) (Vaults:5)
  50 skeletal warriors
  33 hell knights
  2 salamander mystics (Snake:4)
  A spectral anaconda (Tar:6)
  6 sixfirhies
  50 deep trolls
  4 orange crystal statues
  19 sea snakes
  5 quicksilver dragon simulacra
  7 flayed ghosts
  6 anaconda skeletons
  3 shadow demons
  3 swamp dragons (Depths:4)
  2 obsidian statues (Zig:3)
  19 deep elf archers
  15 necromancers
  2 spectral hydras
  2 bunyip skeletons (Crypt:3)
  45 harpies
  Pikel (D:4)
  7 glowing orange brains
  19 lindwurms
  2 iron giant skeletons
  15 wizards
  A fenstrider witch simulacrum (Coc:1)
  15 ironbound convokers
  7 naga ritualists
  40 deep elf zephyrmancers
  19 phantasmal warriors
  A fire giant zombie (Depths:1)
  2 wolf spiders
  An orb spider (shapeshifter) (Depths:1)
  40 deep elf pyromancers
  2 fauns (Shoals:1)
  4 shining eyes
  27 ugly things
  A harpy (shapeshifter) (Vaults:1)
  A shining eye (shapeshifter) (Vaults:4)
  12 orc sorcerers
  8 mana vipers
  A manticore (shapeshifter) (Depths:2)
  9 orc knights
  11 worldbinders
  30 cyclopes
  8 salamanders
  14 manticores
  A spectral ettin (Tar:1)
  A stone giant zombie (Crypt:1)
  A shock serpent zombie (Crypt:3)
  24 moths of wrath
  2 naga zombies
  24 black mambas
  A water nymph (shapeshifter) (Vaults:5)
  4 eyes of devastation
  4 water nymphs
  8 elephants
  6 merfolk sirens
  12 guardian serpents
  2 apocalypse crabs
  2 torpor snails (shapeshifter)
  11 rust devils
  19 smoke demons
  14 vault sentinels
  12 molten gargoyles (Geh:7)
  14 naga magi
  6 ice statues
  3 titan simulacra
  65 large abominations
  12 cane toads
  13 unseen horrors
  6 orange demons
  A yellow draconian zombie (Crypt:2)
  An emperor scorpion zombie (Crypt:3)
  7 kobold demonologists
  23 yaktaurs
  2 efreet
  A dire elephant skeleton (Crypt:3)
  A death yak zombie (Crypt:1)
  15 ancient zymes
  5 rime drakes
  25 hellions
  A bunyip simulacrum (Crypt:3)
  A demonic crawler (Abyss:1)
  17 freezing wraiths
  3 iron giant simulacra
  41 tormentors
  An alligator snapping turtle skeleton (Crypt:3)
  An entropy weaver simulacrum (IceCv)
  10 komodo dragons
  6 hellwings
  8 anaconda simulacra
  A burning bush (Lair:3)
  A pale draconian skeleton (Crypt:1)
  A sea snake skeleton (Hell)
  3 ice devils
  10 guardian mummies
  24 merfolk
  A polar bear (shapeshifter) (Abyss:4)
  A yellow draconian skeleton (Crypt:2)
  3 trolls
  4 tengu conjurers
  12 polar bears
  2 hydra zombies (Hell)
  4 red devils
  A jumping spider (Gauntlet)
  2 golden dragon simulacra
  6 wind drakes
  8 hornets
  Grinder (D:6)
  A death drake skeleton (Crypt:1)
  4 ettin zombies
  35 raiju
  4 harpy skeletons
  A meliai zombie (D:10)
  7 snapping turtles
  2 iron dragon simulacra
  9 blink frogs
  127 slime creatures
  A snapping turtle (shapeshifter) (Vaults:1)
  3 dream sheep (Shoals:2)
  2 hydra skeletons (Hell)
  A stone giant simulacrum (Coc:3)
  A frost giant simulacrum (Depths:1)
  A centaur simulacrum (Coc:1)
  29 flying skulls
  A guardian serpent skeleton (Crypt:2)
  5 air elementals
  3 redbacks
  4 spriggans
  A black mamba zombie (Abyss:1)
  2 ettin skeletons
  2 shadows
  6 dire elephant simulacra
  Sigmund (D:6)
  An alligator skeleton (Hell)
  38 water elementals
  2 alligator snapping turtle simulacra
  7 fire bats
  31 neqoxecs
  17 ynoxinuls
  9 golden eyes
  16 wyverns
  39 yaks
  8 wraiths
  11 chaos spawn
  6 basilisks
  9 humans (D:14)
  5 hogs (D:15)
  A wind drake skeleton (Crypt:3)
  A death yak simulacrum (IceCv)
  43 nagas
  3 spatial vortices
  2 vampire mosquitoes (D:15)
  5 wargs
  11 harpy simulacra
  37 water moccasins
  13 hell hounds
  A demonspawn skeleton (Crypt:3)
  A faun skeleton (Crypt:2)
  3 hydra simulacra
  2 acid dragons
  41 orc warriors
  A black bear (shapeshifter) (Abyss:3)
  An ice beast (D:6)
  A sky beast (Abyss:1)
  15 black bears
  6 ettin simulacra
  A necrophage (Crypt:1)
  77 starcursed masses
  A blink frog zombie (Crypt:1)
  7 wolves
  4 boggarts (Vaults:2)
  23 ogres
  18 centaurs
  A lemure (D:4)
  An elephant skeleton (Crypt:3)
  A phantom (D:6)
  15 kobold brigands
  13 bullfrogs
  4 gnoll sergeants
  60 small abominations
  3 earth elementals
  3 scorpions
  2 cane toad simulacra (IceCv)
  7 two-headed ogre simulacra (IceCv)
  A water moccasin zombie (D:6)
  A wyvern skeleton (Crypt:1)
  A troll zombie (Crypt:2)
  A queen bee zombie (Crypt:3)
  A water moccasin skeleton (D:4)
  4 wights (D:10)
  2 howler monkeys (D:11)
  8 electric eels
  A crimson imp (Abyss:1)
  7 centaur zombies
  8 quasits
  26 orc priests
  A hound (D:4)
  12 jellies
  A gnoll shaman (D:5)
  4 iron imps
  6 centaur skeletons
  2 iguanas
  18 orc wizards
  6 hell rats (Lair:4)
  A killer bee zombie (D:7)
  7 spriggan simulacra
  4 troll simulacra (IceCv)
  6 wolf simulacra (IceCv)
  A hound skeleton (Crypt:2)
  A howler monkey zombie (D:6)
  34 mummies
  Robin (D:3)
  10 gnolls
  10 adders
  10 naga simulacra
  2 river rats (Lair:1)
  2 shadow imps
  14 white imps
  11 ufetubi
  An adder zombie (D:5)
  A worm (D:3)
  A dart slug (D:4)
  70 orcs
  4 bats (D:1)
  11 endoplasms
  8 giant cockroaches
  13 goblins
  11 hobgoblins
  10 jackals
  7 quokkas
  5 ball pythons
  2 frilled lizards (D:1)
  A goblin skeleton (Crypt:3)
  A hobgoblin skeleton (Crypt:2)
  A hobgoblin zombie (Crypt:1)
  25 kobolds
  13 rats
  5 creeping infernos
  56 fire vortices
  20 starspawn tentacles
4400 creatures vanquished.

Vanquished Creatures (collateral kills)
  Antaeus (Coc:7)
  Ereshkigal (Tar:7)
  Frederick (Vaults:4)
  A Hell Sentinel (Dis:7)
  2 ancient champions
  2 sphinxes (Tomb:1)
  A revenant (Tomb:1)
  A daeva (Zig:7)
  A balrug (Geh:7)
  An ironbound preserver (Vaults:4)
  A stone giant (Vaults:4)
  A war gargoyle (Dis:7)
  4 mummy priests
  3 death scarabs (Tomb:1)
  A dancing weapon (Dis:7)
  An ironbound convoker (Vaults:4)
  A wizard (Vaults:4)
  A fire giant skeleton (Zig:9)
  3 guardian mummies
  A flying skull (Zig:9)
  3 mummies
32 creatures vanquished.

Vanquished Creatures (others)
  A shard shrike (Coc:4)
  A nargun (Coc:7)
  A vault warden (Vaults:5)
  A balrug (Geh:7)
  A shard shrike simulacrum (Coc:7)
  A draconian stormcaller (Zot:3)
  2 elemental wellsprings
  A green draconian (Zot:1)
  A vault guard (D:14)
  A salamander tyrant (Geh:7)
  A juggernaut simulacrum (Coc:4)
  A stoker (Geh:6)
  2 deep elf zephyrmancers
  A spriggan simulacrum (Coc:7)
  2 wizards
  A deep elf pyromancer (Elf:2)
  A moth of wrath (Zot:1)
  3 titan simulacra
  An ancient zyme (Abyss:3)
  A bunyip simulacrum (Coc:1)
  A polar bear (Slime:1)
  A shadow dragon simulacrum (Coc:1)
  A ynoxinul (Abyss:3)
  A hog (D:15)
  A hydra simulacrum (Coc:7)
  An ettin simulacrum (Coc:4)
  3 small abominations
  2 starcursed masses (Abyss:3)
  3 creeping infernos
  3 demonic plants (Gauntlet)
  3 fire vortices
  32 fungi
  A lurking horror (Abyss:2)
  134 plants
  37 starspawn tentacles
  65 withered plants (Crypt:1)
314 creatures vanquished.

Grand Total: 4746 creatures vanquished

Notes
Turn   | Place    | Note
-------+----------+-------------------------------------------
     0 | D:1      | r3xj the Minotaur Berserker began the quest for the Orb.
     0 | D:1      | Reached XP level 1. HP: 19/19 MP: 0/0
   360 | D:1      | Reached XP level 2. HP: 17/26 MP: 1/1
   621 | D:1      | Reached skill level 5 in Maces & Flails
   831 | D:1      | Reached XP level 3. HP: 31/31 MP: 2/2
   860 | D:1      | Found a faded altar of an unknown god.
   872 | D:1      | Reached ** piety under Trog
  1498 | D:2      | Reached XP level 4. HP: 34/39 MP: 3/3
  1554 | D:2      | You fall into a shaft and drop 2 floors!
  1670 | D:4      | Found a staircase to the Ecumenical Temple.
  2375 | D:3      | Noticed Robin
  2380 | D:3      | Killed Robin
  2729 | D:3      | Found an iron altar of Okawaru.
  2897 | D:3      | Reached XP level 5. HP: 34/45 MP: 4/4
  3303 | D:4      | Found Haep's Distillery.
  3306 | D:4      | Bought a potion of heal wounds for 55 gold pieces
  3650 | D:4      | Found a broken altar of Ashenzari.
  3803 | D:4      | Reached *** piety under Trog
  4077 | Temple   | Entered the Ecumenical Temple
  4307 | D:5      | Entered Level 5 of the Dungeon
  4308 | D:5      | Noticed a lemure
  4311 | D:5      | Noticed a lemure
  4311 | D:5      | Noticed Pikel
  4314 | D:5      | Noticed a lemure
  4315 | D:5      | Noticed a lemure
  4318 | D:4      | Killed a lemure
  4398 | D:4      | Killed Pikel
  4399 | D:4      | Reached skill level 10 in Maces & Flails
  4399 | D:4      | Reached XP level 6. HP: 12/51 MP: 5/5
  4399 | D:4      | Reached XP level 7. HP: 14/57 MP: 6/6
  4965 | D:5      | Reached XP level 8. HP: 58/64 MP: 7/7
  5309 | D:5      | Found a snail-covered altar of Cheibriados.
  5309 | D:5      | Found a hazy altar of Hepliaklqana.
  5597 | D:6      | Noticed Sigmund
  5601 | D:6      | Killed Sigmund
  5660 | D:6      | Found Mag Piso's Antique Weapon Shoppe.
  5681 | D:6      | Noticed Grinder
  5688 | D:6      | Paralysed by Grinder for 4 turns
  5694 | D:6      | Killed Grinder
  5830 | D:6      | Found a glowing drain.
  5843 | Sewer    | Entered a sewer
  5940 | Sewer    | Reached XP level 9. HP: 51/71 MP: 8/8
  6062 | Sewer    | Found a white marble altar of Elyvilon.
  6534 | D:6      | Found a burning altar of Makhleb.
  6610 | D:6      | Noticed a seven-headed hydra
  6620 | D:6      | Killed a seven-headed hydra
  6621 | D:6      | Reached skill level 5 in Fighting
  6621 | D:6      | Reached skill level 5 in Armour
  6881 | D:6      | Bought an iridescent broad axe for 207 gold pieces
  6881 | D:6      | Identified the +8 broad axe "Qaliatut" {vorpal, Str+2} (You
                  | bought it in a shop on level 6 of the Dungeon)
  7080 | D:6      | Reached skill level 1 in Axes
  7084 | D:6      | Paralysed by a hornet for 1 turns
  7087 | D:6      | Reached skill level 5 in Dodging
  7092 | D:6      | Reached **** piety under Trog
  7266 | D:7      | Found a shimmering altar of Xom.
  7318 | D:7      | Found a basalt altar of Yredelemnul.
  7359 | D:7      | Killed an unseen horror
  7688 | D:7      | Found Cuehud's Magic Scroll Boutique.
  7818 | D:7      | Reached XP level 10. HP: 84/84 MP: 9/9
  8413 | D:7      | Found a white marble altar of Elyvilon.
  8482 | D:7      | Bought a scroll of teleportation for 42 gold pieces
  8482 | D:7      | Bought a scroll of magic mapping for 49 gold pieces
  8728 | D:8      | Reached skill level 5 in Axes
  9039 | D:9      | Found Simir's General Store.
  9086 | D:9      | Noticed a seven-headed hydra
  9097 | D:9      | Killed a one-headed hydra
 10196 | D:9      | Found an opulent altar of Gozag.
 10564 | D:10     | Entered Level 10 of the Dungeon
 11196 | D:10     | Reached XP level 11. HP: 82/94 MP: 10/10
 11196 | D:10     | Reached ***** piety under Trog
 12406 | D:10     | Found a staircase to the Orcish Mines.
 13075 | D:11     | Noticed a two-headed ogre
 13148 | D:11     | Found Iveomam's Weapon Shoppe.
 13203 | D:11     | Killed a two-headed ogre
 13204 | D:11     | Reached skill level 1 in Shields
 13755 | D:11     | Received a gift from Trog
 13839 | D:11     | Noticed a tengu warrior
 13846 | D:11     | Noticed a boulder beetle
 13850 | D:11     | Noticed a boulder beetle
 13852 | D:11     | Killed a tengu warrior
 13890 | D:10     | Reached skill level 10 in Axes
 14169 | D:11     | Noticed a sixfirhy
 14191 | D:11     | Killed a boulder beetle
 14391 | D:11     | Killed a boulder beetle
 14546 | D:11     | Found a staircase to the Lair.
 14593 | D:11     | Noticed a four-headed hydra
 14602 | D:11     | Killed a one-headed hydra
 14603 | D:11     | Reached XP level 12. HP: 85/106 MP: 11/11
 14949 | D:12     | Noticed a two-headed ogre
 14957 | D:12     | Killed a two-headed ogre
 14986 | D:12     | Found a gate leading to a gauntlet.
 15005 | Gauntlet | Entered a Gauntlet
 15005 | Gauntlet | Found a transporter.
 15014 | Gauntlet | Found a transporter.
 15014 | Gauntlet | Noticed a dire elephant
 15027 | Gauntlet | Found a transporter.
 15031 | Gauntlet | Found a transporter.
 15041 | Gauntlet | Found a transporter.
 15061 | Gauntlet | Found a transporter.
 15065 | Gauntlet | Found a transporter.
 15069 | Gauntlet | Found a transporter.
 15096 | Gauntlet | Found a transporter.
 15100 | Gauntlet | Noticed a hell hog
 15113 | Gauntlet | Found a transporter.
 15117 | Gauntlet | Found a transporter.
 15117 | Gauntlet | Noticed an entropy weaver
 15126 | Gauntlet | Found a transporter.
 15195 | Gauntlet | Killed an entropy weaver
 15196 | Gauntlet | Reached skill level 10 in Fighting
 15369 | Gauntlet | Noticed a bunyip
 15369 | Gauntlet | a bunyip changed into a wolf spider
 15391 | Gauntlet | Reached skill level 5 in Shields
 15399 | Gauntlet | Identified the +2 hat of Etiafil {*Slow rCorr Int+3 Dex+3}
 15410 | Gauntlet | Killed a hell hog
 15435 | Gauntlet | Noticed a minotaur
 15447 | Gauntlet | Killed a minotaur
 15786 | D:12     | Noticed a seven-headed hydra
 15795 | D:12     | Killed a two-headed hydra
 15796 | D:12     | Reached skill level 10 in Armour
 15802 | D:12     | Found a portal to a secret trove of treasure.
 16032 | D:12     | Noticed Urug
 16048 | D:12     | Killed Urug
 16063 | D:12     | HP: 4/106 [something (18)]
 16436 | D:12     | Noticed a seven-headed hydra
 16443 | D:12     | Killed a two-headed hydra
 16730 | D:12     | Noticed a two-headed ogre
 16736 | D:12     | Killed a two-headed ogre
 16987 | D:13     | Noticed Erolcha
 16988 | D:13     | Noticed a boulder beetle
 17033 | Lair:1   | Entered Level 1 of the Lair of Beasts
 17350 | Lair:1   | Reached skill level 10 in Dodging
 18290 | Lair:2   | Reached XP level 13. HP: 113/113 MP: 12/12
 18536 | Lair:2   | Identified the +1 robe of the Dwarven Hall {rF+ rN+ Str+2
                  | Dex+2}
 18767 | Lair:2   | Identified a scroll of acquirement
 18854 | Lair:2   | Found a staircase to the Snake Pit.
 18938 | Lair:2   | Found a staircase to the Shoals.
 19271 | Lair:2   | Acquired the amulet of Peoptiul {Faith rPois rN+}
 19775 | Lair:3   | Reached skill level 15 in Axes
 19778 | Lair:3   | Received a gift from Trog
 19907 | Lair:3   | Identified the +1 battleaxe "Piecesma" {antimagic, rF-
                  | Will+ Str+5 Dex+4}
 20837 | Lair:4   | Reached skill level 10 in Shields
 21995 | Lair:5   | Found a runed translucent door.
 21995 | Lair:5   | Found a viscous altar of Jiyva.
 21999 | Lair:5   | Found a staircase to the Slime Pits.
 22538 | Lair:5   | Acquired a +4 broad axe of holy wrath
 22565 | Lair:6   | Entered Level 6 of the Lair of Beasts
 22581 | Lair:6   | Reached XP level 14. HP: 116/121 MP: 13/13
 22732 | Lair:6   | Found a frozen archway.
 22750 | IceCv    | Entered an ice cave
 22844 | IceCv    | Reached ****** piety under Trog
 23027 | IceCv    | Noticed a reaper
 23043 | IceCv    | Killed a reaper
 23560 | IceCv    | Received a gift from Trog
 24267 | Lair:6   | Reached skill level 15 in Shields
 24549 | Lair:6   | Received a gift from Trog
 24823 | Lair:6   | Identified the ring "Zayhoatt" {rN+ Dex+6}
 24975 | Lair:6   | Identified the +6 short sword of Ywuclud {freeze, MP+9
                  | Dex+4 SInv}
 25085 | Orc:1    | Entered Level 1 of the Orcish Mines
 25575 | Orc:2    | Entered Level 2 of the Orcish Mines
 25929 | Orc:2    | Received a gift from Trog
 26091 | Orc:2    | Found a staircase to the Elven Halls.
 26131 | Orc:2    | Found Boasua's Distillery.
 26132 | Orc:2    | Found Ucsy's Distillery.
 26561 | Orc:2    | Received a gift from Trog
 26924 | Orc:2    | Reached XP level 15. HP: 116/130 MP: 14/14
 27390 | Orc:2    | Found Mesaubuo's Antique Weapon Boutique.
 27390 | Orc:2    | Found Esty's Jewellery Shop.
 27390 | Orc:2    | Found a one-way gate leading to the halls of Pandemonium.
 27980 | Snake:1  | Entered Level 1 of the Snake Pit
 28196 | D:13     | Killed Erolcha
 28375 | D:13     | Noticed Sonja
 28418 | D:13     | Killed Sonja
 28675 | D:14     | Noticed Agnes
 28683 | D:14     | Killed Agnes
 28774 | D:14     | Noticed Louise
 28798 | D:14     | Killed Louise
 29010 | D:14     | Noticed Nessos
 29022 | D:14     | Killed Nessos
 29022 | D:14     | Received a gift from Trog
 29490 | D:14     | Found Rynku's Book Shoppe.
 30085 | D:14     | Identified the +9 plate armour "Raunoroe" {rCorr SInv}
 30086 | D:14     | Found a gate to the Vaults.
 30504 | D:14     | Identified the +6 plate armour of Guomp {Str+4}
 30541 | D:15     | Entered Level 15 of the Dungeon
 30551 | D:15     | Noticed Rupert
 30732 | D:14     | Killed Rupert
 30861 | D:15     | Found a gateway to a bazaar.
 30870 | Bazaar   | Entered a bazaar
 30870 | Bazaar   | Found Ligugi's Weapon Shoppe.
 30900 | Bazaar   | Found Itwentos's Assorted Antiques.
 30909 | Bazaar   | Found Pocseh's Antique Armour Shoppe.
 30917 | Bazaar   | Found Gosto's Armour Boutique.
 30933 | Bazaar   | Bought a glowing hat for 147 gold pieces
 30943 | Bazaar   | Bought a scroll of enchant weapon for 142 gold pieces
 31278 | D:15     | Received a gift from Trog
 31452 | D:15     | Noticed Kirke
 31857 | D:15     | Killed Kirke
 31889 | D:15     | Found a white marble altar of Elyvilon.
 32297 | D:15     | Found a staircase to the Depths.
 32853 | Orc:2    | Bought the ring "Kemaif" {Fly rF+} for 441 gold pieces
 33213 | Snake:1  | Reached XP level 16. HP: 144/145 MP: 15/15
 33289 | Snake:1  | Received a gift from Trog
 35298 | Snake:2  | Found Uskuan's Antique Weapon Shoppe.
 35300 | Snake:2  | Found Bedauh's Jewellery Emporium.
 35302 | Snake:2  | Found Nozefumm's General Store.
 35591 | Snake:2  | Reached skill level 1 in Stealth
 35740 | Snake:2  | Found Lioskyeb's Antique Weapon Shoppe.
 35954 | Snake:2  | Bought a shimmering broad axe for 279 gold pieces
 35954 | Snake:2  | Identified the +1 broad axe of Vuigudgh {pain, rElec} (You
                  | bought it in a shop on level 2 of the Snake Pit)
 36490 | Snake:2  | Noticed Jorgrun
 36508 | Snake:2  | Killed Jorgrun
 36749 | Snake:2  | Identified the +0 chain mail "Jercheij" {Int+4}
 36776 | Snake:2  | Upgraded the game from 0.28-a0-1190-g77e1c55843 to
                  | 0.28-a0-1199-gef9e1dbd39
 36855 | Snake:3  | Reached skill level 15 in Fighting
 37047 | Snake:3  | Reached skill level 15 in Armour
 37109 | Snake:3  | Received a gift from Trog
 37504 | Snake:3  | Found Nixzy's CLEARANCE SALE!.
 37558 | Snake:3  | Found Etsios Waife's Armour Boutique.
 37637 | Snake:3  | Bought the +9 plate armour "Cutuipne" {rElec rF+ Regen+
                  | SInv} for 1584 gold pieces
 37651 | Snake:3  | Acquired 1067 gold pieces
 38167 | Snake:4  | Entered Level 4 of the Snake Pit
 38186 | Snake:4  | Found Kemoph's Book Boutique.
 38288 | Snake:4  | Noticed Saint Roka
 38410 | Snake:4  | Killed Saint Roka
 38704 | Snake:4  | Received a gift from Trog
 38774 | Snake:4  | Reached XP level 17. HP: 151/157 MP: 16/16
 38801 | Snake:4  | Reached skill level 15 in Dodging
 38969 | Snake:4  | Found Xisyon's Antique Weapon Boutique.
 38987 | Snake:4  | Found Macaq's Magic Scroll Shop.
 38993 | Snake:4  | Bought a scroll of blinking for 112 gold pieces
 38993 | Snake:4  | Bought a scroll of acquirement for 780 gold pieces
 38993 | Snake:4  | Bought a scroll of blinking for 112 gold pieces
 38993 | Snake:4  | Bought a scroll of enchant armour for 112 gold pieces
 38993 | Snake:4  | Bought a scroll of blinking for 112 gold pieces
 38993 | Snake:4  | Acquired a +1 crystal plate armour
 39081 | Snake:4  | Reached skill level 5 in Stealth
 39543 | Snake:4  | Received a gift from Trog
 39632 | Snake:4  | Got a serpentine rune of Zot
 40038 | Shoals:1 | Entered Level 1 of the Shoals
 40190 | Shoals:1 | Noticed Frances
 40199 | Shoals:1 | Killed Frances
 40344 | Shoals:1 | Found Voriepn's Firing Range.
 40587 | Shoals:1 | Received a gift from Trog
 42023 | Shoals:3 | Received a gift from Trog
 42136 | Shoals:3 | Reached XP level 18. HP: 162/170 MP: 17/17
 42149 | Shoals:3 | Noticed Nikola
 42173 | Shoals:3 | Killed Nikola
 42825 | Shoals:4 | Entered Level 4 of the Shoals
 43137 | Shoals:4 | Identified the +12 broad axe of Sutsi {vorpal, Fragile rN+
                  | Will+ SInv} (Trog gifted it to you on level 4 of the
                  | Shoals)
 43137 | Shoals:4 | Received a gift from Trog
 43299 | Shoals:4 | Noticed Polyphemus
 43313 | Shoals:4 | Killed Polyphemus
 44321 | Shoals:4 | Got a barnacled rune of Zot
 44565 | Elf:1    | Entered Level 1 of the Elven Halls
 44573 | Elf:1    | Received a gift from Trog
 45169 | Elf:1    | Received a gift from Trog
 45511 | Elf:1    | Reached XP level 19. HP: 182/182 MP: 18/18
 45976 | Elf:2    | Found Maybiola's Antique Weapon Shop.
 46015 | Elf:2    | Received a gift from Trog
 46633 | Elf:2    | Found a runed translucent gate.
 46634 | Elf:2    | Found a runed translucent gate.
 46634 | Elf:2    | Found a runed translucent gate.
 46734 | Elf:2    | Received a gift from Trog
 47265 | Elf:3    | Entered Level 3 of the Elven Halls
 47268 | Elf:3    | Paralysed by an air elemental for 1 turns
 47293 | Elf:3    | Identified the +6 trident "Vadif" {distort, *Noise rPois
                  | rC+ Int+6}
 47441 | Elf:3    | Received a gift from Trog
 47630 | Elf:3    | Identified the +6 mace "Hell-Harrower" {vorpal, rC+ Will+
                  | Int-5 Dex+2}
 47856 | Elf:3    | Gained mutation: You have hidden genetic defects. [a
                  | neqoxec]
 47858 | Elf:3    | Gained mutation: You are frail. (-10% HP) [a neqoxec]
 47872 | Elf:3    | Identified the +9 falchion "Xiusch" {spect, rF+ Dex+3}
 47879 | Elf:3    | Identified the +12 hand axe of Honeusa {flame, rCorr Str+2
                  | Int+4}
 47879 | Elf:3    | Identified the ring "Faugu" {rCorr Int+6}
 48016 | Elf:3    | Lost mutation: You are frail. (-10% HP) [potion of
                  | mutation]
 48016 | Elf:3    | Lost mutation: You have hidden genetic defects. [potion of
                  | mutation]
 48016 | Elf:3    | Gained mutation: You have large cloven feet. [potion of
                  | mutation]
 48016 | Elf:3    | Gained mutation: You are agile. (Dex +2) [potion of
                  | mutation]
 48080 | Elf:3    | Received a gift from Trog
 48112 | Elf:3    | Reached XP level 20. HP: 183/193 MP: 19/19
 48297 | Elf:3    | Identified the +3 rapier "Efocuj Witu" {vorpal, rF- Int+4}
 48609 | Elf:3    | Paralysed by an air elemental for 1 turns
 48917 | Elf:3    | Acquired 982 gold pieces
 49192 | Vaults:1 | Entered Level 1 of the Vaults
 49315 | Vaults:1 | Found a large runed translucent door.
 49315 | Vaults:1 | Found a large runed translucent door.
 49315 | Vaults:1 | Noticed bearlyready's ghost (adept MfTm)
 49315 | Vaults:1 | Noticed bearlyready's ghost (adept DrVM)
 49357 | Vaults:1 | Killed bearlyready's ghost
 49366 | Vaults:1 | Killed bearlyready's ghost
 49616 | Vaults:1 | Identified the +10 lajatang of Gozag {vorpal, Fragile rPois
                  | Int+6}
 49782 | Vaults:1 | Received a gift from Trog
 49884 | Vaults:1 | You are sucked into a shaft and drop 1 floor!
 50471 | Vaults:1 | Received a gift from Trog
 51242 | Vaults:2 | Found a gateway to a bazaar.
 51408 | Vaults:2 | Identified the ring "Plog" {Fly rElec Str-3 Slay+2}
 51842 | Vaults:2 | Received a gift from Trog
 52248 | Bazaar   | Entered a bazaar
 52248 | Bazaar   | Found Miqox's Antique Armour Shoppe.
 52248 | Bazaar   | Found Pudesaxt's Jewellery Emporium.
 52253 | Bazaar   | Bought a pair of jewelled gloves for 171 gold pieces
 52253 | Bazaar   | Identified the +0 pair of gloves "Naocauhayz" {rElec rF+
                  | rC+ rN+} (You bought it in a shop in a bazaar)
 52285 | Bazaar   | Found Alixt's Antique Armour Boutique.
 52288 | Bazaar   | Found Qotzieghi's Book Boutique.
 52301 | Bazaar   | Found Ibeomegi's Magic Scroll Emporium.
 52322 | Bazaar   | Bought a masterwork plate armour for 868 gold pieces
 52322 | Bazaar   | Identified the +0 plate armour of the Orb {Fly rC- rCorr
                  | Dex+2} (You bought it in a shop in a bazaar)
 52335 | Bazaar   | Bought a scroll of enchant armour for 82 gold pieces
 52335 | Bazaar   | Bought a scroll of enchant armour for 82 gold pieces
 52665 | Vaults:3 | Reached XP level 21. HP: 205/205 MP: 20/20
 52846 | Vaults:3 | Received a gift from Trog
 52917 | Vaults:3 | Found a staircase to the Crypt.
 53902 | Vaults:4 | Found a magical portal.
 53919 | WizLab   | Entered Alistair's Party Mansion
 53942 | WizLab   | Received a gift from Trog
 54278 | WizLab   | Received a gift from Trog
 54852 | Vaults:4 | Noticed Frederick
 54880 | Vaults:4 | Killed Frederick
 55506 | Vaults:4 | Noticed a golden dragon
 55517 | Vaults:4 | Killed a golden dragon
 55741 | Vaults:4 | Received a gift from Trog
 56037 | Vaults:4 | Reached XP level 22. HP: 208/214 MP: 21/21
 56169 | Vaults:4 | Identified the +2 pair of gloves of the Wild Haggis {Will+}
 56171 | Vaults:4 | Acquired a +2 pair of boots of flying
 56301 | Crypt:1  | Entered Level 1 of the Crypt
 56345 | Crypt:1  | Noticed Donald
 56358 | Crypt:1  | Killed Donald
 56474 | Crypt:1  | Noticed Mara
 56492 | Crypt:1  | Killed Mara
 56746 | Crypt:1  | Noticed Margery
 56761 | Crypt:1  | Killed Margery
 57057 | Crypt:1  | Received a gift from Trog
 57807 | Crypt:1  | Noticed Xtahua
 58466 | Crypt:1  | Killed Xtahua
 58585 | Crypt:1  | Identified the ring "Quufaun" {rC+ Int-5 Dex+5 SInv}
 58723 | Crypt:2  | Noticed Bai Suzhen
 58725 | Crypt:2  | Received a gift from Trog
 58725 | Crypt:2  | Found the +8 mithril axe "Arga" {speed, Will+}
 58751 | Crypt:2  | Killed Bai Suzhen
 59399 | Crypt:3  | Entered Level 3 of the Crypt
 59766 | Crypt:3  | Received a gift from Trog
 60002 | Crypt:3  | Found an ancient bone altar of Kikubaaqudgha.
 60070 | Crypt:3  | Identified the amulet "Zionov" {-Cast Fly rElec rC+ Regen+}
 60084 | Crypt:3  | Noticed a dread lich
 60085 | Crypt:3  | Identified the ring of Eternal Night {rElec rN+ rCorr Int-3
                  | Stlth+}
 60092 | Crypt:3  | Killed a dread lich
 60120 | Crypt:3  | Reached XP level 23. HP: 205/229 MP: 22/22
 60801 | Crypt:3  | Found a staircase to the Tomb.
 61324 | Crypt:3  | Received a gift from Trog
 62005 | Temple   | Fell from the grace of Trog
 62005 | Temple   | Became a worshipper of the Shining One
 62719 | Depths:1 | Entered Level 1 of the Depths
 63184 | Depths:1 | Found a gateway to Hell.
 63246 | Depths:1 | Reached * piety under the Shining One
 63381 | Depths:1 | Reached ** piety under the Shining One
 63604 | Depths:1 | Found Ediriaz's Jewellery Emporium.
 63605 | Depths:1 | Found Egyhyps's Book Boutique.
 63608 | Depths:1 | Found Yseqenin's Jewellery Emporium.
 64399 | Depths:1 | Bought the ring of Qim Kyn {rF+ rN+ Str+6 Int+2 Slay+2} for
                  | 1875 gold pieces
 65466 | Depths:2 | Reached *** piety under the Shining One
 65817 | Depths:2 | Reached **** piety under the Shining One
 65837 | Depths:2 | Identified the +10 shadow dragon scales of Ethics {Fly
                  | rPois rC- Will++ Stlth++++}
 65848 | Depths:2 | Identified the +3 chain mail of Areumuwy {Str+3}
 66372 | Depths:3 | Noticed Sojobo
 66438 | Depths:2 | Killed Sojobo
 66909 | Depths:3 | Reached ***** piety under the Shining One
 66928 | Depths:3 | Reached XP level 24. HP: 220/240 MP: 22/22
 66929 | Depths:3 | Noticed Jory
 67132 | Depths:3 | Noticed a royal mummy
 67141 | Depths:3 | Noticed a royal mummy
 67155 | Depths:2 | Killed a royal mummy
 67371 | Depths:3 | Noticed a royal mummy
 67380 | Depths:2 | Killed a royal mummy
 67865 | Depths:3 | Killed Jory
 67881 | Depths:3 | Killed a royal mummy
 68106 | Depths:3 | Found a one-way gate to the infinite horrors of the Abyss.
 68135 | Depths:3 | Found the +7 sceptre of Torment {pain, torment}
 68349 | Depths:3 | Found Xaonyaxtaf's Magic Scroll Shop.
 68708 | Depths:4 | Entered Level 4 of the Depths
 68785 | Depths:4 | Paralysed by Trog for 4 turns
 69017 | Depths:4 | Paralysed by Trog for 4 turns
 69697 | Depths:4 | Found a gate to the Realm of Zot.
 69778 | Depths:4 | Found a one-way gateway to a ziggurat.
 70035 | Depths:4 | Acquired a manual of Shields
 70505 | Slime:1  | Entered Level 1 of the Pits of Slime
 70537 | Slime:1  | Lost mutation: You are agile. (Dex +2) [a shining eye]
 71862 | Slime:2  | Reached ****** piety under the Shining One
 73768 | Slime:5  | Entered Level 5 of the Pits of Slime
 74228 | Slime:5  | Noticed the Royal Jelly
 74237 | Slime:5  | Reached XP level 25. HP: 253/253 MP: 22/22
 74242 | Slime:5  | Found a viscous altar of Jiyva.
 74254 | Slime:5  | Killed the Royal Jelly
 74378 | Slime:5  | Got a slimy rune of Zot
 74388 | Slime:5  | Identified the +7 arbalest of Famine {elec, rElec Str-5
                  | Int+7}
 74393 | Slime:5  | Got the Reference Book on the Creative Birds
 74443 | Slime:5  | Identified the +6 mace "Anoisid" {spect, rC- rN+ Int+2}
 74866 | D:12     | You showed the slimy rune of Zot to enter a treasure trove
 74867 | Trove    | Entered a treasure trove
 74873 | Trove    | Identified the ring of Ignis's Scorn {rN+ Will- MP+9 AC+4
                  | Dex+3}
 74875 | Trove    | Identified the ring of Qazlal's Respect {+Blink Fly rPois
                  | rF- Int+2}
 74881 | Trove    | Identified the ring of Ipouf {rC+ AC+4 Int+5}
 74883 | Trove    | Identified the ring "Oqubae" {Fire Drain Str+3 Int+6}
 74885 | Trove    | Identified the amulet of Deasaggelen {Faith rC- Int+9}
 74893 | Trove    | Identified the ring "Xaturoic" {EV+4 Dex+3}
 74899 | Trove    | Identified the ring "Yfikoxyomp" {Wiz rCorr Dex+10 Stlth-}
 74901 | Trove    | Identified the ring of Imozou Kudi {Ice rN+ Str+4}
 74903 | Trove    | Identified the amulet "Bog Luab" {Spirit Dex+2}
 75283 | Elf:1    | Got Sif Muna's Handbook of Creative Confrontation
 77559 | D:2      | Identified a +9 broad axe of holy wrath (a +7 vorpal broad
                  | axe blessed by the Shining One)
 77559 | D:2      | Received a gift from the Shining One
 77915 | Depths:3 | Voluntarily entered the Abyss.
 77967 | Abyss:1  | Found a sparkling altar of Nemelex Xobeh.
 78176 | Abyss:1  | Paralysed by Trog for 6 turns
 78187 | Abyss:1  | Gained mutation: Your spells are a little easier to cast,
                  | but a little less powerful. [a neqoxec]
 78962 | Abyss:3  | Found a corrupted altar of Lugonu.
 79195 | Abyss:3  | Found a corrupted altar of Lugonu.
 79395 | Abyss:3  | Found a runed translucent door.
 79395 | Abyss:3  | Gained mutation: You are strong-willed. (Will+) [a neqoxec]
 79409 | Abyss:3  | Gained mutation: You do not regenerate when monsters are
                  | visible. [a neqoxec]
 79666 | Abyss:3  | Found a corrupted altar of Lugonu.
 79709 | Abyss:3  | Gained mutation: You occasionally shout uncontrollably at
                  | your foes. [a neqoxec]
 80202 | Abyss:3  | Identified the ring of Cyipn {rN+ EV+4 Str-4 Dex+3}
 80418 | Abyss:3  | Noticed a dread lich
 80432 | Abyss:3  | Killed a dread lich
 80470 | Abyss:3  | Reached skill level 27 in Fighting
 80509 | Abyss:3  | Paralysed by an air elemental for 1 turns
 80520 | Abyss:3  | Paralysed by an air elemental for 1 turns
 81223 | Abyss:4  | Reached XP level 26. HP: 205/266 MP: 22/22
 81236 | Abyss:4  | Paralysed by accursed screaming for 2 turns
 81269 | Depths:3 | Escaped the Abyss
 81543 | Depths:3 | Lost mutation: You are strong-willed. (Will+) [potion of
                  | mutation]
 81543 | Depths:3 | Lost mutation: You have large cloven feet. [potion of
                  | mutation]
 81543 | Depths:3 | Gained mutation: You passively map a small area around you.
                  | [potion of mutation]
 81543 | Depths:3 | Gained mutation: You are resistant to electric shocks.
                  | (rElec) [potion of mutation]
 81544 | Depths:3 | Lost mutation: You occasionally shout uncontrollably at
                  | your foes. [potion of mutation]
 81544 | Depths:3 | Lost mutation: Your spells are a little easier to cast, but
                  | a little less powerful. [potion of mutation]
 81544 | Depths:3 | Lost mutation: You do not regenerate when monsters are
                  | visible. [potion of mutation]
 81544 | Depths:3 | Gained mutation: Your magical capacity is low. (-10% MP)
                  | [potion of mutation]
 81544 | Depths:3 | Gained mutation: Your natural rate of healing is unusually
                  | fast. [potion of mutation]
 81554 | Depths:3 | Voluntarily entered the Abyss.
 81601 | Abyss:1  | Paralysed by accursed screaming for 1 turns
 81644 | Abyss:2  | Found a corrupted altar of Lugonu.
 82020 | Abyss:3  | Gained mutation: You are weak. (Str -2) [a neqoxec]
 82084 | Abyss:3  | Was forgiven by Trog
 82104 | Abyss:3  | Identified the +2 hat of the Bells {Will+}
 82119 | Abyss:3  | Found a corrupted altar of Lugonu.
 82343 | Abyss:3  | Paralysed by accursed screaming for 1 turns
 82364 | Abyss:3  | Reached skill level 27 in Armour
 82419 | Abyss:3  | Found a corrupted altar of Lugonu.
 82561 | Abyss:3  | Gained mutation: You are frail. (-10% HP) [a neqoxec]
 82598 | Abyss:3  | Got an abyssal rune of Zot
 82668 | Abyss:3  | Reached skill level 27 in Dodging
 82690 | Abyss:3  | Found a corrupted altar of Lugonu.
 82715 | Abyss:3  | Reached skill level 1 in Invocations
 82739 | Abyss:3  | Reached skill level 1 in Spellcasting
 82757 | Depths:3 | Escaped the Abyss
 82759 | Depths:3 | Lost mutation: You are frail. (-10% HP) [potion of
                  | mutation]
 82759 | Depths:3 | Lost mutation: Your magical capacity is low. (-10% MP)
                  | [potion of mutation]
 82759 | Depths:3 | Gained mutation: You sometimes lose the ability to read
                  | scrolls when taking damage. [potion of mutation]
 82760 | Depths:3 | Lost mutation: You are resistant to electric shocks.
                  | (rElec) [potion of mutation]
 82760 | Depths:3 | Lost mutation: You sometimes lose the ability to read
                  | scrolls when taking damage. [potion of mutation]
 82760 | Depths:3 | Gained mutation: You expend magic power (3 MP) to
                  | strengthen your wands. [potion of mutation]
 82760 | Depths:3 | Gained mutation: Your system is resistant to poisons.
                  | (rPois) [potion of mutation]
 82760 | Depths:3 | Gained mutation: You are partially covered in iridescent
                  | scales. (AC +2) [potion of mutation]
 82764 | Depths:3 | Learned a level 2 spell: Wereblood
 82769 | Depths:3 | Learned a level 4 spell: Passage of Golubria
 82996 | Orc:2    | Bought a potion of mutation for 136 gold pieces
 82996 | Orc:2    | Lost mutation: Your system is resistant to poisons. (rPois)
                  | [potion of mutation]
 82996 | Orc:2    | Lost mutation: You expend magic power (3 MP) to strengthen
                  | your wands. [potion of mutation]
 82996 | Orc:2    | Lost mutation: You are weak. (Str -2) [potion of mutation]
 82996 | Orc:2    | Gained mutation: You occasionally shout uncontrollably at
                  | your foes. [potion of mutation]
 82996 | Orc:2    | Gained mutation: You are weak. (Str -2) [potion of
                  | mutation]
 82996 | Orc:2    | Gained mutation: You are dopey. (Int -2) [potion of
                  | mutation]
 82996 | Orc:2    | Gained mutation: You are agile. (Dex +2) [potion of
                  | mutation]
 83329 | Vaults:5 | Entered Level 5 of the Vaults
 83353 | Vaults:4 | Reached skill level 1 in Transmutations
 83354 | Vaults:4 | Reached skill level 1 in Translocations
 83356 | Vaults:5 | Lost mutation: You are agile. (Dex +2) [a shining eye]
 83692 | Vaults:5 | Reached skill level 5 in Invocations
 84212 | Vaults:5 | Learned a level 2 spell: Blink
 84218 | Vaults:5 | Learned a level 5 spell: Manifold Assault
 84267 | Vaults:5 | Noticed an ancient lich
 84267 | Vaults:5 | Identified the ring of Vajolo {rC+ Str+7}
 84281 | Vaults:5 | Killed an ancient lich
 84282 | Vaults:5 | Reached XP level 27. HP: 250/273 MP: 28/28
 84400 | Vaults:5 | Got a silver rune of Zot
 84402 | Vaults:5 | Got Wyngypp's Compendium of Bewitchment and Moulding
 84724 | Vaults:5 | Reached skill level 5 in Transmutations
 84740 | Vaults:5 | Found the +14 obsidian axe {vorpal, Mesm Drain Fly SInv}
 84758 | Vaults:5 | Got the Collected Works on Torrid Execration
 85381 | Zot:1    | Entered Level 1 of the Realm of Zot
 85552 | Zot:1    | Noticed an orb of fire
 85573 | Zot:1    | Killed an orb of fire
 85604 | Zot:1    | Reached skill level 5 in Translocations
 85800 | Zot:1    | Reached skill level 5 in Spellcasting
 85809 | Zot:1    | Acquired 612 gold pieces
 86050 | Zot:1    | Found a runed translucent door.
 86052 | Zot:1    | Noticed Meadakhi's ghost (master DgEE)
 86164 | Zot:1    | Noticed an orb of fire
 86200 | Zot:1    | Gained mutation: Your magical capacity is low. (-10% MP)
                  | [an orb of fire]
 86201 | Zot:1    | Killed an orb of fire
 86243 | Zot:1    | Identified the +0 whip of the Endless Expanse {flame, Fly
                  | rC+}
 86244 | Zot:1    | Got Sif Muna's Almanac of The Black Sun
 86336 | Zot:1    | Killed Meadakhi's ghost
 86875 | Vaults:5 | Lost mutation: Your magical capacity is low. (-10% MP)
                  | [potion of mutation]
 86875 | Vaults:5 | Lost mutation: You are partially covered in iridescent
                  | scales. (AC +2) [potion of mutation]
 86875 | Vaults:5 | Lost mutation: You are weak. (Str -2) [potion of mutation]
 86875 | Vaults:5 | Gained mutation: You are partially covered in iridescent
                  | scales. (AC +2) [potion of mutation]
 87365 | Zot:2    | Identified the amulet "Railafig" {Faith MP+9 Str+3 Slay+5}
 89356 | Zot:4    | Noticed an orb of fire
 89359 | Zot:4    | Gained mutation: You are frail. (-10% HP) [an orb of fire]
 89365 | Zot:4    | Killed an orb of fire
 89416 | Zot:4    | Reached skill level 10 in Invocations
 89766 | Zot:4    | Noticed a dread lich
 89855 | Zot:4    | Killed a dread lich
 90210 | Zot:4    | Identified the +0 scale mail of Spite {Harm Slay+2}
 90615 | Hell     | Entered the Vestibule of Hell
 90615 | Hell     | Noticed Geryon
 90641 | Hell     | Killed Geryon
 90736 | Hell     | Noticed Murray
 90750 | Hell     | Killed Murray
 90755 | Hell     | Found a gateway to the ashen valley of Gehenna.
 90960 | Hell     | Found a gateway to the freezing wastes of Cocytus.
 91142 | Hell     | Found a gateway to the decaying netherworld of Tartarus.
 91187 | Hell     | Found a gateway to the Iron City of Dis.
 91242 | Geh:1    | Entered Level 1 of Gehenna
 91264 | Geh:1    | Reached skill level 10 in Transmutations
 91643 | Geh:1    | Found a huge runed gate.
 91643 | Geh:1    | Found a huge runed gate.
 91643 | Geh:1    | Found a huge runed gate.
 91643 | Geh:1    | Found a huge runed gate.
 91643 | Geh:1    | Found a huge runed gate.
 91643 | Geh:1    | Found a huge runed gate.
 91643 | Geh:1    | Found a huge runed gate.
 91643 | Geh:1    | Found a huge runed gate.
 91643 | Geh:1    | Found a huge runed gate.
 91643 | Geh:1    | Found a huge runed gate.
 91644 | Geh:1    | Found a huge runed gate.
 91644 | Geh:1    | Found a huge runed gate.
 91644 | Geh:1    | Found a huge runed gate.
 91644 | Geh:1    | Found a huge runed gate.
 91644 | Geh:1    | Found a huge runed gate.
 91644 | Geh:1    | Found a huge runed gate.
 91645 | Geh:1    | Found a huge runed gate.
 91655 | Geh:1    | Found a huge runed gate.
 91656 | Geh:1    | Found a huge runed gate.
 91680 | Geh:1    | Found a huge runed gate.
 91680 | Geh:1    | Found a huge runed gate.
 91680 | Geh:1    | Found a huge runed gate.
 91680 | Geh:1    | Found a huge runed gate.
 91680 | Geh:1    | Found a huge runed gate.
 91680 | Geh:1    | Found a huge runed gate.
 91681 | Geh:1    | Found a huge runed gate.
 91682 | Geh:1    | Found a huge runed gate.
 91683 | Geh:1    | Found a huge runed gate.
 91691 | Geh:1    | Found a huge runed gate.
 91691 | Geh:1    | Found a huge runed gate.
 91691 | Geh:1    | Found a huge runed gate.
 91691 | Geh:1    | Found a huge runed gate.
 91691 | Geh:1    | Found a huge runed gate.
 91691 | Geh:1    | Found a huge runed gate.
 91692 | Geh:1    | Found a huge runed gate.
 91695 | Geh:1    | Found a huge runed gate.
 91842 | Geh:2    | Identified the +0 tower shield of Duck's Teeth {rElec rCorr
                  | Str-5 Dex+5}
 92585 | Geh:4    | Reached skill level 10 in Translocations
 92957 | Geh:6    | Noticed an ancient lich
 92976 | Geh:6    | Killed an ancient lich
 93179 | Geh:7    | Entered Level 7 of Gehenna
 93759 | Geh:7    | Found the +7 sceptre of Asmodeus
 93759 | Geh:7    | Noticed Asmodeus
 93761 | Geh:7    | Reached skill level 10 in Spellcasting
 93790 | Geh:7    | Killed Asmodeus
 93864 | Geh:7    | Got an obsidian rune of Zot
 94750 | Geh:7    | Identified the +8 mace of Contradiction {vorpal, rC- Will+
                  | Int+2}
 94905 | Tar:1    | Entered Level 1 of Tartarus
 95383 | Tar:3    | Reached skill level 15 in Invocations
 96026 | Tar:7    | Entered Level 7 of Tartarus
 96871 | Tar:7    | Noticed an ancient lich
 96890 | Tar:7    | Killed an ancient lich
 97226 | Tar:7    | Noticed a dread lich
 98463 | Tar:7    | Got the Handbook of the Aerial Escort
 98752 | Tar:7    | Killed a dread lich
 98799 | Tar:7    | Identified the +1 pair of gloves "Foamilon" {rPois Str+2
                  | Dex-3}
 98946 | Tar:7    | Noticed a dread lich
 98959 | Tar:7    | Killed a dread lich
 99335 | Tar:7    | Got Nesmovil's Catalogue of the Unstable Snowflakes
 99366 | Tar:7    | Noticed Ereshkigal
 99479 | Tar:7    | Noticed a dread lich
 99491 | Tar:7    | Killed a dread lich
 99578 | Tar:7    | Killed Ereshkigal
 99816 | Tar:7    | Got a bone rune of Zot
 99938 | Tar:7    | Identified the +2 pair of boots of the Evening Star {Dex+3}
100051 | Dis:1    | Entered Level 1 of the Iron City of Dis
100411 | Dis:1    | The Shining One protects you from harm!
100872 | Tomb:1   | Entered Level 1 of the Tomb of the Ancients
101240 | Tomb:1   | Reached skill level 15 in Transmutations
101243 | Tomb:1   | Noticed a royal mummy
101262 | Tomb:1   | Killed a royal mummy
102207 | Coc:1    | Entered Level 1 of Cocytus
102588 | Coc:2    | Noticed a juggernaut
102605 | Coc:2    | Killed a juggernaut
102726 | Coc:2    | Noticed a juggernaut
102740 | Coc:2    | Killed a juggernaut
102740 | Coc:2    | Noticed a juggernaut
102928 | Coc:2    | Killed a juggernaut
103191 | Coc:3    | Paralysed by a wendigo for 1 turns
103657 | Coc:3    | Lost intelligence.
104748 | Coc:5    | Paralysed by a wendigo for 1 turns
104763 | Coc:5    | Paralysed by a wendigo for 1 turns
105105 | Coc:6    | Reached skill level 15 in Translocations
105190 | Coc:7    | Entered Level 7 of Cocytus
105556 | Coc:7    | Paralysed by a wendigo for 1 turns
105564 | Coc:7    | Paralysed by a wendigo for 1 turns
105777 | Coc:7    | Paralysed by a wendigo for 1 turns
105979 | Coc:7    | Paralysed by a wendigo for 1 turns
106067 | Coc:7    | Identified the +9 morningstar of Guulud {vorpal, rF+ rC-
                  | Int+3}
106071 | Coc:7    | Identified the ring "Weweah" {Contam rF+ Will+ Dex+3 SInv}
106073 | Coc:7    | Identified the +2 shortbow "Imu Oti" {freeze, rCorr}
106164 | Coc:7    | Paralysed by a wendigo for 1 turns
106257 | Coc:7    | Noticed the Serpent of Hell
106289 | Coc:7    | Killed the Serpent of Hell
106505 | Coc:7    | Paralysed by a wendigo for 1 turns
106876 | Coc:7    | Noticed an ancient lich
106915 | Coc:7    | Killed an ancient lich
107011 | Coc:7    | Noticed Antaeus
107054 | Coc:7    | Killed Antaeus
107151 | Coc:7    | Got an icy rune of Zot
108182 | Dis:4    | Reached skill level 15 in Spellcasting
109649 | Dis:7    | Entered Level 7 of the Iron City of Dis
109807 | Dis:7    | Noticed an ancient lich
109843 | Dis:7    | Killed an ancient lich
110623 | Dis:7    | Noticed a juggernaut
110644 | Dis:7    | Killed a juggernaut
111144 | Dis:7    | Noticed a juggernaut
111154 | Dis:7    | Killed a juggernaut
111187 | Dis:7    | Identified the +2 shortbow of Miriril {vorpal, rPois rF-
                  | rCorr SInv}
112041 | Dis:7    | Noticed a juggernaut
112058 | Dis:7    | Killed a juggernaut
112092 | Dis:7    | Found the +4 staff of Dispater
112092 | Dis:7    | Identified the +0 tower shield of Youthful Indiscretion
                  | {Rampage rF- Slay+3}
112092 | Dis:7    | Noticed Dispater
112143 | Dis:7    | Killed Dispater
112182 | Dis:7    | Got an iron rune of Zot
112448 | Dis:7    | Identified the +2 morningstar of Heur {venom, rElec rCorr
                  | Stlth-}
112945 | Snake:4  | Bought a manual of Transmutations for 1360 gold pieces
113608 | Zot:5    | Entered Level 5 of the Realm of Zot
114066 | Zot:5    | Noticed a dread lich
114093 | Zot:5    | Killed a dread lich
114135 | Zot:5    | Noticed an orb of fire
114146 | Zot:5    | Gained mutation: Your magical capacity is low. (-10% MP)
                  | [an orb of fire]
114151 | Zot:5    | Killed an orb of fire
114223 | Zot:5    | Noticed an ancient lich
114232 | Zot:5    | Noticed an orb of fire
114234 | Zot:5    | Killed an ancient lich
114242 | Zot:5    | Gained mutation: You tend to lose your temper in combat.
                  | [an orb of fire]
114243 | Zot:5    | Gained mutation: You are clumsy. (Dex -2) [an orb of fire]
114246 | Zot:5    | Gained mutation: Your spells are a little easier to cast,
                  | but a little less powerful. [an orb of fire]
114248 | Zot:5    | Gained mutation: You are occasionally teleported next to
                  | monsters. [an orb of fire]
114253 | Zot:5    | Killed an orb of fire
114531 | Zot:5    | Noticed an orb of fire
114544 | Zot:5    | Killed an orb of fire
114745 | Zot:5    | Noticed an orb of fire
114747 | Zot:5    | Gained mutation: Potions are less effective at restoring
                  | your health. [an orb of fire]
114762 | Zot:5    | Gained mutation: You have hidden genetic defects. [an orb
                  | of fire]
114763 | Zot:5    | Killed an orb of fire
115291 | Orc:2    | Bought a crystal lajatang for 540 gold pieces
115291 | Orc:2    | Identified the +7 lajatang "Japio" {spect, rPois Dex+3}
                  | (You bought it in a shop on level 2 of the Orcish Mines)
115542 | Depths:3 | Voluntarily entered the Abyss.
115781 | Abyss:1  | Noticed an ancient lich
115786 | Abyss:1  | Killed an ancient lich
116106 | Abyss:1  | Gained mutation: You are weak. (Str -2) [hidden defects]
116411 | Abyss:1  | Gained mutation: You are very dopey. (Int -4) [a neqoxec]
116755 | Depths:3 | Escaped the Abyss
116756 | Depths:3 | Lost mutation: You are very dopey. (Int -4) [potion of
                  | mutation]
116756 | Depths:3 | Lost mutation: You are weak. (Str -2) [potion of mutation]
116821 | Zig:1    | Entered Level 1 of a ziggurat
116843 | Zig:2    | Entered Level 2 of a ziggurat
116868 | Zig:2    | Lost mutation: You are partially covered in iridescent
                  | scales. (AC +2) [potion of mutation]
116868 | Zig:2    | Lost mutation: You occasionally shout uncontrollably at
                  | your foes. [potion of mutation]
116868 | Zig:2    | Lost mutation: Your spells are a little easier to cast, but
                  | a little less powerful. [potion of mutation]
116868 | Zig:2    | Lost mutation: You have hidden genetic defects. [potion of
                  | mutation]
116871 | Zig:3    | Entered Level 3 of a ziggurat
116935 | Zig:3    | Identified the +7 war axe of Wonesk {vorpal, rN+}
116939 | Zig:4    | Entered Level 4 of a ziggurat
116981 | Zig:4    | Lost mutation: You are frail. (-10% HP) [potion of
                  | mutation]
116981 | Zig:4    | Lost mutation: You are dopey. (Int -2) [potion of mutation]
116981 | Zig:4    | Gained mutation: You have a pair of large horns on your
                  | head. [potion of mutation]
116981 | Zig:4    | Gained mutation: You are partially covered in iridescent
                  | scales. (AC +2) [potion of mutation]
116981 | Zig:4    | Gained mutation: You have hidden genetic defects. [potion
                  | of mutation]
116981 | Zig:4    | Gained mutation: Your system is resistant to poisons.
                  | (rPois) [potion of mutation]
116987 | Zig:5    | Entered Level 5 of a ziggurat
117011 | Zig:5    | Paralysed by a floating eye for 2 turns
117063 | Zig:6    | Entered Level 6 of a ziggurat
117109 | Zig:6    | Identified the +3 bardiche of the Spider Nest {freeze,
                  | rElec Int+4}
117112 | Zig:7    | Entered Level 7 of a ziggurat
117118 | Zig:7    | Identified the +0 tower shield "Osogiol" {Int+7}
117402 | Zig:8    | Entered Level 8 of a ziggurat
117468 | Zig:8    | Lost mutation: You have a pair of large horns on your head.
                  | [potion of mutation]
117468 | Zig:8    | Lost mutation: Your system is resistant to poisons. (rPois)
                  | [potion of mutation]
117468 | Zig:8    | Lost mutation: You tend to lose your temper in combat.
                  | [potion of mutation]
117468 | Zig:8    | Lost mutation: You have hidden genetic defects. [potion of
                  | mutation]
117468 | Zig:8    | Gained mutation: Your spells are a little easier to cast,
                  | but a little less powerful. [potion of mutation]
117468 | Zig:8    | Gained mutation: You are strong-willed. (Will+) [potion of
                  | mutation]
117477 | Zig:9    | Entered Level 9 of a ziggurat
117480 | Zig:9    | Noticed a royal mummy
117480 | Zig:9    | Noticed a royal mummy
117483 | Zig:9    | Noticed a royal mummy
117490 | Zig:9    | Killed a royal mummy
117498 | Zig:9    | Killed a royal mummy
117501 | Zig:9    | HP: 13/273 [poisoned by an ushabti (dark miasma)]
117504 | Zig:9    | HP: 5/273 [poisoned by an ushabti (dark miasma)]
117506 | Zig:9    | Killed a royal mummy
117509 | Zig:9    | HP: 12/273 [poisoned by an ushabti (dark miasma)]
117510 | Zig:9    | HP: 5/273 [ushabti] (7)]
117510 | Zig:9    | HP: 1/273 [poisoned by an ushabti (dark miasma)]
117510 | Zig:9    | Mangled by an ushabti

Illustrated notes

Levels and vault maps discovered:
D:1:      minmay_arrival_stair_chambers, layout_basic,
          hellmonk_ecumenical_altar_blasted
D:2:      layout_basic, chequers_serial_rivers_room_b
D:3:      layout_loops_corners, okawaru_trees_2, minmay_cut_off, uniq_robin
D:4:      layout_basic, ashenzari_conservatory_becter,
          minmay_temple_entry_glass, serial_shops, nicolae_shop_behind_doors,
          kennysheep_generic_room_14
D:5:      layout_cave_pools, gammafunk_temple_overflow_wave, uniq_pikel
D:6:      minmay_opposing_rooms, layout_gridville, lightli_temple_of_fire,
          serial_shops, nicolae_shop_temple_entry_statues_fountains,
          gup_sewer_entry_pipe, uniq_grinder, uniq_sigmund
D:7:      cheibrodos_helix_gallery, layout_basic, overflow_temple_1_default,
          kennysheep_ying_yang, serial_shops, nicolae_stop_n_shop_1
D:8:      layout_rooms, st_stairs_5
D:9:      layout_layer_cave, nicolae_gozag_cash_rules_everything_around_me,
          serial_shops, nicolae_diamond_shop
D:10:     layout_basic, kennysheep_orc_monster_closet_entryway
D:11:     layout_basic, minmay_lair_entry_grove, serial_shops,
          nicolae_shop_crystal
D:12:     layout_loops_ring, gauntlet_entry_generic, enter_trove_2,
          small_statue_alley_a, kennysheep_generic_room_9, uniq_urug
D:13:     layout_roguey, uniq_sonja, uniq_erolcha
D:14:     layout_layer_cave, ximxim_vaults_locker_room, serial_shops,
          nicolae_shop_behind_doors, minmay_mirror_moons_of_madness, uniq_agnes,
          uniq_nessos, uniq_louise
D:15:     grunt_enter_depths_magical_seal, layout_long_grid, serial_shops,
          bzr_entry_customers, chequers_big_river, elyvilon_altar_1, uniq_kirke,
          uniq_rupert
Temple:   nicolae_temple_figure_eight
Lair:1:   layout_gridlike, pond, grunt_megastairs_1
Lair:2:   layout_chaotic_city, minmay_shoals_entry_centaurs,
          guppyfry_snake_entry_garden, grunt_megastairs_4
Lair:3:   layout_regular_city, st_stairs_8, evilmike_ambush
          [evilmike_ambush_outer_doors, evilmike_ambush_inner_basic]
Lair:4:   layout_gridlike
Lair:5:   layout_cave_shapes, slime_altar_2, serial_bayou_shore_a,
          grunt_megastairs_3
Lair:6:   hangedman_lair_tendril_chambers, layout_misc_corridors,
          portal_ice_cave_demonic_guard
Shoals:1: layout_shoals, nicolae_shop_firing_range, uniq_frances
Shoals:2: layout_shoals, nicolae_shoals_loop_pool
Shoals:3: layout_shoals, uniq_nikola
Shoals:4: shoals_end_simple, layout_shoals, uniq_polyphemus
Snake:1:  layout_chambers
Snake:2:  layout_honeycomb, serial_shops, shop_coins, minmay_shop_star,
          uniq_jorgrun
Snake:3:  layout_onion, serial_shops, shop, nicolae_shop_clearance
Snake:4:  grunt_snake_rune_pools, layout_onion, serial_shops, shop,
          nicolae_snake_lava_pool, minmay_shoptagon, serial_bayou_shore_b,
          uniq_saint_roka
Slime:1:  layout_caves
Slime:2:  layout_caves
Slime:3:  layout_caves
Slime:4:  layout_caves, nicolae_slime_welcoming_committee
Slime:5
Orc:1:    layout_caves
Orc:2:    pf_orc_diabolical, layout_caves
Elf:1:    elf_arrival_001, layout_geoelf_diagonals, minmay_elf_sorcery,
          corner_web_ring
Elf:2:    nicolae_elf_blades_crystal_corner, layout_geoelf_diagonals,
          serial_shops, shop, minivault_14
Elf:3:    grunt_elf_hall_spiral, layout_loops_ring
Vaults:1: advil_vaults_ghost_guards, hangedman_vaults_restitches, v_misc_4,
          hangedman_vaults_cutoff, hangedman_vaults_impose,
          hangedman_vaults_locks, nicolae_vaults_display_case, v_misc_5,
          v_misc_3, nicolae_vaults_shelves_hall, layout_vaults_ring
Vaults:2: ontoclasm_vaults_claustrophobia, v_misc_16, nicolae_vaults_little_ls,
          grunt_vaults_hallway_short, vaults_room_hangedman_quadrants,
          layout_vaults_omnigrid, serial_shops, bzr_entry_road
Vaults:3: vaults_room_fancy_cross, nicolae_vaults_network_s,
          vaults_room_large_hall, ontoclasm_vaults_pinch,
          minmay_crypt_entry_simple_sparse, hangedman_vaults_maws,
          nicolae_vaults_ninety_degrees, nicolae_vaults_border_crossing,
          grunt_vaults_hallway_short, vaults_room_stairs_pillars,
          ontoclasm_vaults_decontamination, vaults_room_pools,
          layout_vaults_chaotic_city
Vaults:4: infiniplex_enter_wizlab_water, hangedman_vaults_stream,
          vaults_room_large_hall, nicolae_vaults_specimen_jars,
          nicolae_vaults_network_barrier, hangedman_vaults_corner,
          v_alt_pattern_6, v_misc_31, dpeg_vaults_monster_row,
          vaults_dpeg_encased_lava, sword_in_stone, vaults_room_stairs_pillars,
          serial_ice_b, nicolae_vaults_little_squares_1, layout_vaults_big_cross
Vaults:5
Crypt:1:  layout_misc_corridors, st_shrine_of_skulls,
          roderic_lattice_octagonal_star, uniq_donald, uniq_xtahua,
          uniq_margery, uniq_mara
Crypt:2:  layout_rooms, uniq_bai_suzhen
Crypt:3:  church_of_pain_bobbens, layout_chaotic_city,
          nicolae_tomb_entry_unfolded_pyramid_orthogonal
Tomb:1
Depths:1: layout_gridlike, hell_entry, minmay_misc_feat_five,
          minmay_statues_item, st_stairs_12, due_unseen_surprise,
          hangedman_decor_cross_pass, minmay_shop_grove
Depths:2: minmay_haunted_quarter, layout_honeycomb, pan_entry,
          nicolae_concentric_dashed_squares_wild, hell_entry,
          infiniplex_staircase_pool_2
Depths:3: minmay_guarded_unrand_sceptre_of_torment, layout_cave_shapes,
          abyss_entry, hangedman_coc_ice_floe, hangedman_abyss_or_decor_slice,
          serial_shops, nicolae_shop_advertising_works
          [nicolae_subvault_shop_adworks], uniq_sojobo, uniq_jory
Depths:4: evilmike_zot_entry_gauntlet, layout_cave_pools, enter_ziggurat_b,
          pan_entry, hell_entry, minmay_misc_feat_plants
Hell
Dis:1:    layout_gridville, nicolae_hells_hurtin_island
Dis:2:    layout_overlapping_boxes
Dis:3:    layout_gridville
Dis:4:    layout_gridville
Dis:5:    nicolae_dis_pentagon_2, layout_regular_city
Dis:6:    layout_gridville
Dis:7:    dis_hangedman
Geh:1:    layout_gehenna_pools_box, not_door_vault_due
Geh:2:    nicolae_hells_demon_pit, layout_gehenna_pools_triple
Geh:3:    layout_gehenna_lava_caves
Geh:4:    layout_gehenna_lava_caves
Geh:5:    layout_gehenna_lava_caves
Geh:6:    layout_gehenna_pools_triple
Geh:7:    geh_hangedman
Coc:1:    nicolae_coc_hellspring, layout_ice_bergs
Coc:2:    nicolae_hells_titanomachy
Coc:3:    layout_ice_bergs
Coc:4:    nicolae_hells_giants_party, layout_cocytus_water_paths
Coc:5:    layout_cocytus_water_paths
Coc:6:    layout_cocytus_water_paths, nicolae_hells_seeping_fissure
Coc:7:    coc_mu
Tar:1:    layout_cathedral_of_symmetry, lemuel_nasty_fountain
Tar:2:    layout_honeycomb
Tar:3:    layout_cathedral_of_symmetry, nicolae_tar_cuneiform_bread
Tar:4:    layout_catacombs
Tar:5:    layout_catacombs, nicolae_tar_windowcombs
Tar:6:    layout_cathedral_of_symmetry
Tar:7:    tar_grunt_cathedral
Zot:1:    dreamdust_black_sun_cult, layout_basic, ebering_ghost_reflecting_pool,
          st_stairs_2
Zot:2:    layout_gridville
Zot:3:    layout_gridlike
Zot:4:    hangedman_zot_vaults_quadrants, layout_onion_interference
Zot:5:    layout_misc_corridors, st_stairs_13, hangedman_zot_decor_tridents,
          hangedman_zot_decor_unnerving_road
Zig:9

Skill      XL: |  1  2  3  4  5  6  7  8  9 10 11 12 13 14 15 16 17 18 19 20 21 22 23 24 25 26 27 |
---------------+----------------------------------------------------------------------------------+-----
Maces & Flails | 4 5 6 7 10 11 14 | 14.0
Fighting       | 4 6 8 9 10 11 13 15 17 19 20 21 22 23 24 26 27 | 27.0
Armour         | 3 6 7 9 10 11 13 15 17 19 20 21 22 23 24 26 27 | 27.0
Dodging        | 5 7 8 10 11 13 14 16 18 19 20 21 22 23 24 25 27 | 27.0
Axes           | 3 8 10 13 15 16 17 | 17.0
Shields        | 4 7 12 15 16 18 19 21 22 24 25 | 25.0
Stealth        | 4 5 |  5.0
Invocations    | 6 25 | 25.0
Spellcasting   | 4 17 | 17.3
Transmutations | 4 21 | 21.6
Translocations | 4 18 | 18.7

Action                   |  1- 3 |  4- 6 |  7- 9 | 10-12 | 13-15 | 16-18 | 19-21 | 22-24 | 25-27 || total
-------------------------+-------+-------+-------+-------+-------+-------+-------+-------+-------++-------
Melee: Mace              |    74 |   117 |     2 |       |       |       |       |       |       ||   193
       Headbutt          |     7 |    24 |    30 |   104 |   238 |   348 |   496 |   883 |  2902 ||  5032
       Whip              |       |       |   171 |       |       |       |       |       |       ||   171
       Broad axe         |       |       |    32 |   433 |  1048 |  1427 |  1652 |  2261 |  7484 || 14337
       Hand axe          |       |       |       |    26 |    24 |       |       |       |       ||    50
       War axe           |       |       |       |       |     5 |       |       |       |       ||     5
       Unarmed           |       |       |       |       |     5 |       |       |       |       ||     5
Throw: Throwing net      |       |       |       |       |       |       |       |       |     3 ||     3
 Cast: Manifold Assault  |       |       |       |       |       |       |       |       |     3 ||     3
       Wereblood         |       |       |       |       |       |       |       |       |     2 ||     2
       Blink             |       |       |       |       |       |       |       |       |     1 ||     1
Invok: Berserk           |       |     1 |     3 |     8 |    10 |     3 |     6 |     3 |       ||    34
       Brothers in Arms  |       |       |       |       |       |       |     2 |       |       ||     2
       Brand Weapon With |       |       |       |       |       |       |       |       |     1 ||     1
       Summon Divine War |       |       |       |       |       |       |       |       |    15 ||    15
       Divine Shield     |       |       |       |       |       |       |       |       |     7 ||     7
Evoke: Wand              |       |       |       |       |       |       |       |     1 |       ||     1
  Use: Scroll            |       |       |       |    16 |    10 |     6 |    13 |    17 |    21 ||    83
       Potion            |       |       |       |     1 |       |       |     1 |       |    20 ||    22
 Stab: Petrified         |       |       |       |       |       |     8 |       |       |       ||     8
       Petrifying        |       |       |       |       |       |     1 |       |       |       ||     1
       Confused          |       |       |       |       |       |       |     1 |       |       ||     1
Armor: Animal skin       |    16 |       |       |       |       |       |       |       |       ||    16
       Scale mail        |     2 |    37 |    53 |       |    12 |       |       |       |       ||   104
       Acid dragon scale |       |       |       |    47 |       |       |       |       |       ||    47
       Plate armour      |       |       |       |   157 |   333 |   515 |   524 |     8 |       ||  1537
       Gold dragon scale |       |       |       |       |       |       |       |   758 |  1909 ||  2667
       Skin              |       |       |       |       |       |       |       |       |     1 ||     1
Dodge: Dodged            |    66 |    46 |    59 |   176 |   256 |   488 |   544 |   708 |  1813 ||  4156
Block: Other             |       |    28 |    39 |    36 |       |       |       |       |       ||   103
       Reflection        |       |     1 |     2 |     7 |     7 |       |       |       |   189 ||   206
       Kite shield       |       |       |       |   184 |   478 |   700 |   808 |  1187 |   603 ||  3960
       Tower shield      |       |       |       |       |       |       |       |       |  4503 ||  4503

Table legend: (Time is in decaauts)
 A = Elapsed time spent in this place.
 B = Non-inter-level travel time spent in this place.
 C = Inter-level travel time spent in this place.
 D = Time resting spent in this place.
 E = Time spent auto-exploring this place.
 F = Levels seen in this place.
 G = Mean time per level.
                   A        B        C        D        E       F      G
               +--------+--------+--------+--------+--------+-----+--------+
         Total | 112711 |  97761 |  14950 |  26112 |  40314 | 111 | 1015.4 |
       Dungeon |  23804 |  19682 |   4122 |   5119 |  10908 |  15 | 1586.9 |
        Temple |    247 |    203 |     44 |      0 |    199 |   1 |  247.0 |
          Lair |   7701 |   6706 |    995 |   1455 |   3411 |   6 | 1283.5 |
        Shoals |   4271 |   4087 |    184 |    611 |   2472 |   4 | 1067.8 |
     Snake Pit |   7267 |   6626 |    641 |   2107 |   2512 |   4 | 1816.8 |
    Slime Pits |   4079 |   3903 |    176 |   1669 |   1554 |   5 |  815.8 |
  Orcish Mines |   3450 |   2543 |    907 |   1167 |    755 |   2 | 1725.0 |
   Elven Halls |   4542 |   4033 |    509 |    952 |   1522 |   3 | 1514.0 |
        Vaults |   9572 |   7292 |   2280 |    843 |   4115 |   5 | 1914.4 |
         Crypt |   5039 |   4564 |    475 |   1183 |   2008 |   3 | 1679.7 |
          Tomb |    895 |    815 |     80 |    164 |     11 |   1 |  895.0 |
        Depths |   8988 |   6824 |   2164 |   2587 |   3109 |   4 | 2247.0 |
          Hell |   3698 |   3418 |    280 |   2592 |    296 |   1 | 3698.0 |
           Dis |   4537 |   4139 |    398 |   1716 |    208 |   7 |  648.1 |
       Gehenna |   2853 |   2672 |    181 |    345 |   1018 |   7 |  407.6 |
       Cocytus |   3696 |   3139 |    557 |    798 |    627 |   7 |  528.0 |
      Tartarus |   4192 |   3747 |    445 |    882 |    347 |   7 |  598.9 |
           Zot |   5122 |   4615 |    507 |    498 |   2575 |   5 | 1024.4 |
         Abyss |   4883 |   4883 |      0 |     71 |   1797 |   8 |  610.4 |
      Ziggurat |    625 |    625 |      0 |    234 |    159 |   9 |   69.4 |
        Bazaar |    199 |    199 |      0 |      0 |     44 |   2 |   99.5 |
         Trove |     41 |     41 |      0 |      0 |      0 |   1 |   41.0 |
         Sewer |    281 |    281 |      0 |      0 |    223 |   1 |  281.0 |
      Ice Cave |   1083 |   1083 |      0 |    444 |     72 |   1 | 1083.0 |
        Wizlab |    851 |    851 |      0 |    222 |    180 |   1 |  851.0 |
      Gauntlet |    784 |    784 |      0 |    446 |    190 |   1 |  784.0 |
               +--------+--------+--------+--------+--------+-----+--------+

Top non-repeatable levels by time:
    Hell: 3698 daAuts
Depths:2: 3418 daAuts
    D:14: 2882 daAuts
   Tar:7: 2858 daAuts
    D:10: 2837 daAuts
   Dis:7: 2547 daAuts
   Orc:2: 2512 daAuts
    D:15: 2308 daAuts
    D:11: 2307 daAuts
 Abyss:3: 2274 daAuts
 Snake:1: 2268 daAuts
 Crypt:1: 2263 daAuts
Vaults:3: 2150 daAuts
Vaults:2: 2079 daAuts
Vaults:1: 2044 daAuts
